 Dungeon Crawl Stone Soup version 0.18-a0-1225-g5d63bca (webtiles) character file.

3672 namelastname112 the Skirmisher (level 9, -6/84 HPs)
             Began as a Mottled Draconian Wanderer on Feb 3, 2016.
             Was a Follower of Ashenzari.
             Killed from afar by namelastname112's ghost (9 damage)
             ... with an exploding inner flame
             ... hexed by the player character
             ... on level 9 of the Dungeon.
             The game lasted 00:19:59 (9341 turns).

namelastname112 the Skirmisher (DrWn)               Turns: 9341, Time: 00:19:59

Health: -6/84      AC: 13    Str: 20    XL:     9   Next: 89%
Magic:  18/18      EV: 14    Int: 13    God:    Ashenzari [*.....]
Gold:   51         SH:  0    Dex: 18    Spells: 4 memorised, 9 levels left

rFire  + . .     SeeInvis .     t - +2 whip (elec)
rCold  + . .     Gourm    +     (armour unavailable)
rNeg   . . .     Faith    .     (no shield)
rPois  .         Spirit   .     (helmet restricted)
rElec  .         Dismiss  .     y - +2 cloak of Cheibriados's Pride {Str+2} (curse)
rCorr  .         Reflect  .     h - +2 pair of gloves (curse)
SustAt .         Harm     .     (no boots)
MR     .....     Rnd*Rage +     N - amulet of the gourmand
Stlth  ++++......               H - +3 ring of dexterity
                                e - ring of stealth

@: mighty, exhausted, very slightly contaminated, hasted and slowed, drained,
not resistant to hostile enchantments, stealthy
A: breathe sticky flame splash, unfitting armour, antennae 1, berserk 1, cold
resistance 1, fire resistance 1, robust 1, slow regeneration 2, evolution 1,
cold-blooded, AC +7
a: Breathe Sticky Flame, Scrying, Renounce Religion


You were on level 9 of the Dungeon.
You worshipped Ashenzari.
Ashenzari was aware of your devotion.
You were not hungry.

You visited 2 branches of the dungeon, and saw 10 of its levels.

You collected 405 gold pieces.
You spent 354 gold pieces at shops.

Inventory:

Hand Weapons
 o - a +0 dagger of venom
 t - a +2 whip of electrocution (weapon)
Missiles
 E - 5 tomahawks of dispersal (quivered)
Armour
 h - a cursed +2 pair of gloves (worn)
 y - the cursed +2 cloak of Cheibriados's Pride (worn) {Str+2}
   (You found it on level 4 of the Dungeon)

   It affects your strength (+2).
   It has a curse placed upon it.
 S - a +1 pair of boots
Jewellery
 e - a ring of stealth (left hand)
 H - a +3 ring of dexterity (right hand)
 J - a cursed amulet of faith
 N - an amulet of the gourmand (around neck)
Wands
 d - a wand of random effects (0/48)
 l - a wand of polymorph (15/24)
 q - a wand of digging (16/24)
 r - a wand of iceblast (5/15)
 w - a wand of polymorph (3/24)
 L - a wand of confusion (8/48)
 O - a wand of flame (0/48)
 Q - a wand of disintegration (0/24)
Scrolls
 a - 3 scrolls of amnesia
 b - 2 scrolls of fear
 n - 4 scrolls of curse armour
 p - 3 scrolls of teleportation
 s - 7 scrolls of identify
 z - 2 scrolls of magic mapping
 C - 3 scrolls of remove curse
 M - 3 scrolls of holy word {unknown}
 P - a scroll of blinking {unknown}
Potions
 k - a potion of berserk rage
 m - 2 potions of haste
 u - a potion of might
Books
 c - Sif Muna's Disquisition on the Escort

   Spells                             Type                      Level
   a - Summon Butterflies             Summoning                    1
   b - Recall                         Summoning/Translocation      3
 A - a book of Maledictions

   Spells                             Type                      Level
   a - Corona                         Hexes                        1
   b - Ensorcelled Hibernation        Hexes/Ice                    2
   c - Confuse                        Hexes                        3
   d - Tukima's Dance                 Hexes                        3
   e - Dazzling Spray                 Conjuration/Hexes            3
Comestibles
 f - 5 bread rations
 g - 3 beef jerkies
 j - 2 meat rations
 R - 2 fruits


   Skills:
 + Level 6.3(5.1) Fighting
 + Level 4.7(3.6) Short Blades
 + Level 4.7(3.6) Dodging
 + Level 5.2(4.0) Stealth
 - Level 1.0(0.0) Unarmed Combat
 * Level 6.1(4.9) Spellcasting
 * Level 5.5(4.3) Hexes
   Level 1.0(0.0) Earth Magic
   Level 3.0(1.9) Poison Magic
 - Level 2.8(1.7) Evocations


You had 9 spell levels left.
You knew the following spells:

 Your Spells              Type           Power        Failure   Level  Hunger
a - Tukima's Dance        Hex            ##......     12%         3    ###....
d - Dazzling Spray        Conj/Hex       #.......     28%         3    ###....
x - Confuse               Hex            ##......     12%         3    ###....
z - Ensorcelled Hibernat  Hex/Ice        #.....       14%         2    ##.....


Dungeon Overview and Level Annotations

Branches:
Dungeon (9/15)             Temple (1/1) D:5
   Lair: D:8-11         Orc: D:9-12

Altars:
Ashenzari
Cheibriados
Dithmenos
Elyvilon
Fedhas
Gozag
Kikubaaqudgha
Makhleb
Nemelex Xobeh
Okawaru
Pakellas
Qazlal
Ru
Sif Muna
Trog
Vehumet
Xom
Yredelemnul
Zin
The Shining One

Shops:
D:7 *   D:8 :}?*[


Innate Abilities, Weirdness & Mutations

You can spit globs of burning liquid.
You can ignite nearby creatures when you spit burning liquid.
Your weird mottled scales are hard (AC +7).
Your body does not fit into most forms of armour.
You are cold-blooded and may be slowed by cold attacks.
You have a pair of small antennae on your head.
You tend to lose your temper in combat.
Your flesh is cold resistant.
Your flesh is heat resistant.
You are robust (+10% HP).
You do not regenerate naturally when monsters are visible.
You evolve.


Message History

* * * LOW HITPOINT WARNING * * *
Drink which item? (? for menu, Esc to quit)
Okay, then.
Read which item? (? for menu, Esc to quit)
As you read the scroll labeled DAATE MAOMMUCS, it crumbles to dust.
It is a scroll of amnesia.
Forget which spell ([?*] list [ESC] exit)?
Forget which spell ([?*] list [ESC] exit)?
You don't know that spell.
Forget which spell ([?*] list [ESC] exit)?
Okay, then.
Namelastname112's ghost hits you but does no damage.
Drink which item? (? for menu, Esc to quit)
Okay, then.
Read which item? (? for menu, Esc to quit)
As you read the scroll labeled ALIEBA QAIHAI, it crumbles to dust.
You speak a Word of immense power!
Namelastname112's ghost convulses!
Namelastname112's ghost explodes!
The fiery explosion engulfs you! You resist.
You die...

#<##..# #...#
####.##..##### #...#
#<...........# #...#
..####.......# #...####
### #..###..####.#....#
#..#...........##.#
#..#.#...[§.)####.#####
#........§§§...........
#..........@......#y.#
####..............#
###................
##....$#.$..##..#
##.#.......# .#
............. ..
#..........#### .
#...$......#


There were no monsters in sight!

Vanquished Creatures
  The ghost of namelastname112 the Skirmisher, a novice DrWn of Nemelex Xobeh (D:7)
  A hungry ghost (D:5)
  Edmund (D:6)
  3 orc warriors
  A black bear (D:6)
  A phantom (D:8)
  An eye of draining (D:8)
  2 ogres
  A sky beast (D:8)
  4 centaurs
  A giant frog (D:8)
  3 scorpions
  A wyvern skeleton (D:9)
  A water moccasin skeleton (D:8)
  5 killer bees
  5 crimson imps
  3 hounds
  3 jellies
  4 orc priests
  6 orc wizards
  Jessica (D:2)
  2 centaur skeletons
  4 worker ants
  2 iguanas
  4 gnolls (D:3)
  10 adders
  A shadow imp (D:5)
  2 oozes (D:1)
  An adder skeleton (D:6)
  3 worms (D:2)
  7 giant geckos
  38 orcs
  2 bat zombies (D:3)
  4 giant cockroaches
  9 hobgoblins
  13 jackals
  7 quokkas
  A ball python (D:5)
  8 bats
  A giant cockroach zombie (D:6)
  6 giant newts
  6 goblins
  A jackal zombie (D:8)
  20 kobolds
  A quokka skeleton (D:4)
  9 rats
  2 rat zombies (D:3)
213 creatures vanquished.

Notes
Turn   | Place    | Note
--------------------------------------------------------------
     0 | D:1      | namelastname112 the Draconian Wanderer began the quest for the Orb.
     0 | D:1      | namelastname112 set off with: a +2 dagger, a scroll of fear, Sif Muna's Disquisition on the Escort, a wand of random effects (15/48), a bread ration
     0 | D:1      | Reached XP level 1. HP: 17/17 MP: 2/2
   115 | D:1      | Reached XP level 2. HP: 18/25 MP: 3/3
   857 | D:1      | Reached XP level 3. HP: 28/30 MP: 4/4
  1700 | D:2      | Reached skill level 1 in Dodging
  1735 | D:2      | Reached skill level 1 in Short Blades
  2020 | D:2      | Reached XP level 4. HP: 33/37 MP: 5/5
  2115 | D:2      | Noticed Jessica
  2133 | D:2      | Killed Jessica
  2546 | D:2      | Found a bloodstained altar of Trog.
  3059 | D:3      | Reached XP level 5. HP: 27/45 MP: 6/6
  3388 | D:3      | Found an ancient bone altar of Kikubaaqudgha.
  3874 | D:4      | Got a heavily runed cloak
  3884 | D:4      | Identified the +2 cloak of Cheibriados's Pride {Str+2} (You found it on level 4 of the Dungeon)
  4010 | D:4      | Reached XP level 6. HP: 49/52 MP: 7/7
  4252 | D:5      | Entered Level 5 of the Dungeon
  4280 | D:5      | Identified Sif Muna's Disquisition on the Escort
  4283 | D:5      | Learned a level 2 spell: Ensorcelled Hibernation
  4420 | D:5      | Reached skill level 1 in Hexes
  4431 | D:5      | Reached skill level 4 in Fighting
  4478 | D:5      | Reached XP level 7. HP: 51/59 MP: 9/9
  4478 | D:5      | Your scales start taking on a weird mottled colour.
  4632 | D:5      | Noticed a hungry ghost
  4671 | D:5      | Killed a hungry ghost
  4734 | D:5      | Found a glowing silver altar of Zin.
  4792 | D:5      | Found a staircase to the Ecumenical Temple.
  4803 | Temple   | Entered the Ecumenical Temple
  4870 | Temple   | Became a worshipper of Ashenzari the Shackled
  5376 | D:6      | Found an iron altar of Okawaru.
  5453 | D:6      | Noticed Edmund
  5472 | D:6      | Killed Edmund
  5508 | D:6      | Found a shimmering altar of Xom.
  5508 | D:6      | Found a deep blue altar of Sif Muna.
  5509 | D:6      | Found an oddly glowing altar of Pakellas.
  5509 | D:6      | Found a white marble altar of Elyvilon.
  5546 | D:6      | Reached XP level 8. HP: 50/67 MP: 12/12
  6170 | D:7      | Noticed namelastname112's ghost (novice DrWn)
  6387 | D:7      | Found Soeggeim's Assorted Antiques.
  6395 | D:7      | Bought a glowing black potion for 16 gold pieces
  6395 | D:7      | Bought a tourmaline ring for 90 gold pieces
  6395 | D:7      | Bought a scroll labeled HEOSEE VOCWIAT for 18 gold pieces
  6395 | D:7      | Bought a scroll labeled DAATE MAOMMUCS for 18 gold pieces
  6395 | D:7      | Bought a viscous green potion for 16 gold pieces
  6395 | D:7      | Bought an inky potion for 16 gold pieces
  6395 | D:7      | Bought a forked iron wand for 72 gold pieces
  6395 | D:7      | Bought a potion of curing for 54 gold pieces
  6395 | D:7      | Bought 3 scrolls labeled ALIEBA QAIHAI for 54 gold pieces
  6425 | D:7      | Reached skill level 5 in Fighting
  6877 | D:7      | Found a white marble altar of Elyvilon.
  6913 | D:7      | Reached * piety under Ashenzari
  6930 | D:7      | Found a burning altar of Makhleb.
  6931 | D:7      | Found a radiant altar of Vehumet.
  7022 | D:7      | Found a stormy altar of Qazlal.
  7029 | D:7      | Found a blossoming altar of Fedhas.
  7105 | D:6      | Learned a level 3 spell: Confuse
  7109 | D:6      | Learned a level 3 spell: Tukima's Dance
  7113 | D:6      | Learned a level 3 spell: Dazzling Spray
  7479 | D:7      | Killed namelastname112's ghost
  7479 | D:7      | Reached skill level 5 in Spellcasting
  7479 | D:7      | Reached XP level 9. HP: 61/74 MP: 6/16
  7697 | D:8      | Found Mevan's General Store.
  7697 | D:8      | Found Finniw's Gadget Shoppe.
  7819 | D:8      | Found Ydycvuymn's Book Boutique.
  7943 | D:8      | Found an iron altar of Okawaru.
  8021 | D:8      | Reached skill level 5 in Hexes
  8035 | D:8      | Gained mutation: Your flesh is heat resistant. [mutagenic meat]
  8036 | D:8      | Gained mutation: You are dopey. (Int -2) [mutagenic meat]
  8037 | D:8      | Gained mutation: You regenerate slowly when monsters are visible. [mutagenic meat]
  8038 | D:8      | Gained mutation: Scrolls take you a little longer to read. [mutagenic meat]
  8039 | D:8      | Gained mutation: You are agile. (Dex +2) [mutagenic meat]
  8040 | D:8      | Gained mutation: You have a pair of small antennae on your head. [mutagenic meat]
  8178 | D:8      | Found Fenosust's Antique Armour Emporium.
  8192 | D:8      | Found Mesucatt's Magic Scroll Shop.
  8284 | D:8      | Reached skill level 6 in Fighting
  8359 | D:8      | Reached skill level 5 in Stealth
  8397 | D:8      | Found a glowing golden altar of the Shining One.
  8397 | D:8      | Found a sacrificial altar of Ru.
  8705 | D:9      | Noticed namelastname112's ghost (journeyman DrWn)
  9242 | D:9      | Gained mutation: You do not regenerate naturally when monsters are visible. [potion of mutation]
  9242 | D:9      | Gained mutation: You are robust (+10% HP). [potion of mutation]
  9242 | D:9      | Lost mutation: Scrolls take you a little longer to read. [potion of mutation]
  9243 | D:9      | Lost mutation: You are agile. (Dex +2) [potion of mutation]
  9243 | D:9      | Gained mutation: You tend to lose your temper in combat. [potion of mutation]
  9243 | D:9      | Gained mutation: You evolve. [potion of mutation]
  9245 | D:9      | Lost mutation: You are dopey. (Int -2) [potion of beneficial mutation]
  9246 | D:9      | Gained mutation: Your flesh is cold resistant. [potion of beneficial mutation]
  9339 | D:9      | HP: 3/84 [namelastname112's ghost (3)]
  9341 | D:9      | Killed namelastname112's ghost
  9341 | D:9      | Killed from afar by namelastname112's ghost

Vault maps used:
D:1:      dpeg_arrival_rooms_a
D:2:      lightli_temple_of_fire, minmay_cut_off, uniq_jessica
D:3:      lemuel_zombie_altar_kikubaaqudgha
D:4:      first_bread, serial_bayou_crossing
D:5:      lemuel_doored_altar
D:6:      grunt_temple_overflow_open, basic_altar, uniq_edmund
D:7:      grunt_temple_overflow_lords_of_destruction,
          grunt_temple_overflow_forces_of_nature, serial_shops, shop_fountains,
          elyvilon_altar_4
D:8:      old_standard_altar, gammafunk_temple_overflow_elements, serial_shops,
          nicolae_shop_crystal, nicolae_shop_crystal, shop,
          kennysheep_mini_moat, shop_statue
D:9:      minmay_goldmine
Temple:   nicolae_temple_hex_pool

Action                   |  1- 3 |  4- 6 |  7- 9 || total
-------------------------+-------+-------+-------++-------
Melee: Dagger            |   238 |   184 |   446 ||   868
       Whip              |       |   100 |    42 ||   142
       Short sword       |       |    17 |       ||    17
       Unarmed           |       |       |    54 ||    54
Throw: Tomahawk          |       |       |     6 ||     6
 Cast: Confuse           |       |       |     7 ||     7
       Ensorcelled Hiber |       |       |    19 ||    19
 Abil: Breathe Sticky Fl |       |       |     7 ||     7
Evoke: Wand              |     6 |     9 |    11 ||    26
  Use: Scroll            |     1 |     4 |     6 ||    11
       Potion            |       |     1 |    18 ||    19
 Stab: Sleeping          |     6 |    11 |    24 ||    41
       Distracted        |       |     1 |       ||     1
       Confused          |       |       |    10 ||    10
  Eat: Chunk             |     4 |     8 |    17 ||    29
       Pizza             |       |       |     1 ||     1
       Beef jerky        |       |       |     1 ||     1
       Meat ration       |       |       |     2 ||     2
